Map: Deathaura LE

Players

Epic

  • Race: Terran Terran
  • League: Grandmaster
  • Spawn Location: 5:00

Robbie (Rob) - Winner!

  • Race: Protoss Protoss
  • League: Grandmaster
  • Spawn Location: 11:00

Event: The Miserable Cup

VOD

Have the link to the VOD?

Description

Time

  • Played on: June 18, 2020, 1:13 p.m.
  • Length: 10:16

All games in this series

Show
View Real Time Build Order
Export as new Build Order

Epic Terran 

Build Orders: Reaper Expand 

Get SALT Encoding   

  12  0:00  SCV  
  13  0:13  SCV  
  14  0:17  Supply Depot  
  14  0:25  SCV  
  15  0:38  SCV  
  15  0:39  Barracks  
  16  0:46  Refinery  
  16  0:50  SCV  
  17  1:02  SCV  
  18  1:14  SCV  
  19  1:26  Orbital Command  
  19  1:28  Reaper  
  20  1:40  Command Center  
  20  1:48  Supply Depot  
  20  1:55  Bunker  
  20  1:59  SCV  
  21  2:02  Marine  
  22  2:13  Factory  
  22  2:14  SCV  
  23  2:24  Barracks Reactor  
  23  2:25  Refinery  
  23  2:26  SCV  
  24  2:39  SCV  
  25  2:53  Orbital Command  
  25  2:54  SCV  
  26  3:00  Starport  
  26  3:01  Marine x2  
  30  3:10  SCV  
  31  3:13  Factory Tech Lab  
  31  3:18  Marine x2  
  31  3:22  SCV  
  31  3:23  SCV  
  32  3:33  Barracks  
  32  3:34  Barracks  
  32  3:35  SCV x2  
  32  3:39  Bunker  
  32  3:40  Marine x2  
  36  3:42  Raven  
  36  3:47  SCV  
  40  3:48  SCV  
  40  3:53  Factory Tech Lab  
  40  3:54  Supply Depot  
  40  4:00  SCV x2  
  40  4:01  Marine x2  
  44  4:07  Engineering Bay  
  44  4:10  Refinery  
  44  4:12  SCV x2  
  46  4:18  Supply Depot  
  46  4:20  Marine x2  
  48  4:24  SCV x2  
  48  4:27  Stimpack  
  48  4:31  Marauder  
  52  4:34  Marauder  
  54  4:39  SCV x2  
  54  4:40  Terran Infantry Weapons Level 1  
  54  4:42  Marine x2  
  58  4:46  Supply Depot  
  58  4:48  Combat Shield  
  58  4:51  SCV  
  59  4:54  SCV  
  59  4:57  Marauder  
  62  5:01  Supply Depot  
  62  5:05  Refinery  
  62  5:07  Marine x2, Starport Reactor  
  62  5:08  Marauder, SCV, Factory Reactor  
  63  5:27  Marine x2, Marauder  
  65  5:29  Marauder  
  65  5:30  SCV  
  65  5:31  SCV  
  69  5:46  Medivac x2  
  69  5:47  Marine  
  69  5:48  Marine  
  75  5:51  Marauder  
  75  5:54  Marauder  
  75  5:57  SCV x2  
  77  6:05  Marine  
  77  6:06  Concussive Shells  
  78  6:11  Widow Mine x2  
  78  6:12  Supply Depot  
  78  6:14  Supply Depot  
  82  6:24  Marine x2, Marauder  
  82  6:25  Marauder  
  86  6:33  Medivac, SCV  
  86  6:36  Medivac  
  86  6:37  Widow Mine x2  
  93  6:42  SCV  
  93  6:46  SCV  
  91  6:51  Marine x2, Marauder x2  
  89  6:59  SCV x2  
  87  7:08  Medivac x2, Widow Mine x2  
  93  7:12  Marine  
  93  7:13  Marine  
  93  7:15  SCV  
  93  7:21  Marauder  
  93  7:22  Marine  
  95  7:26  SCV  
  95  7:27  SCV  
  92  7:40  Widow Mine x2  
  84  7:45  Medivac  
  84  7:47  SCV  
  84  7:48  SCV  
  70  8:02  Widow Mine  
  70  8:03  SCV x2  
  70  8:06  Marine x2, Marauder  
  70  8:07  Marauder  
  76  8:16  Viking x2  
  80  8:20  SCV x2  
  80  8:26  Missile Turret  
  81  8:29  Missile Turret  
  78  8:34  Marine, Missile Turret  
  78  8:35  Marine x2  
  78  8:39  Marine  
  80  8:41  SCV x2  
  81  8:56  SCV x2  
  81  8:58  Starport Reactor  
  81  8:59  Widow Mine x2  
  81  9:00  Marine x3  
  90  9:07  Missile Turret  
  90  9:09  SCV x2  
  92  9:19  Marine  
  92  9:20  Marauder  
  94  9:27  SCV x2  
  94  9:41  Supply Depot  
  94  9:42  Supply Depot  
  94  9:46  Marine x2  
  94  9:55  Supply Depot  
Show
View Real Time Build Order
Export as new Build Order

Robbie Protoss - Winner!

Build Orders: 1 Gate Expand, Blink Stalkers 

Get SALT Encoding   

  12  0:00  Probe  
  13  0:12  Probe  
  14  0:17  Pylon  
  14  0:23  Probe  
  15  0:31  Probe  
  16  0:36  Gateway  
  16  0:39  Probe  
  16  0:45  Assimilator  
  17  0:51  Probe  
  18  1:03  Probe  
  19  1:15  Probe  
  20  1:20  Nexus  
  20  1:29  Probe  
  20  1:30  Cybernetics Core  
  20  1:37  Probe  
  20  1:38  Assimilator  
  22  1:48  Pylon  
  22  1:49  Probe  
  23  1:56  Adept  
  23  2:06  Warp Gate, Probe  
  26  2:18  Probe  
  27  2:26  Stalker  
  29  2:30  Probe  
  30  2:37  Probe, Shield Battery  
  31  2:46  Probe, Twilight Council  
  31  2:49  Probe  
  32  2:56  Blink  
  32  2:57  Robotics Facility  
  31  3:01  Probe  
  32  3:13  Probe  
  32  3:15  Probe  
  34  3:26  Probe  
  34  3:28  Gateway  
  34  3:30  Gateway  
  34  3:35  Probe  
  34  3:36  Gateway  
  34  3:37  Probe  
  36  3:44  Probe  
  36  3:45  Probe  
  37  3:54  Warp Prism  
  40  3:59  Probe x2  
  42  4:04  Stalker  
  42  4:09  Pylon  
  44  4:13  Probe x2  
  46  4:22  Pylon  
  46  4:29  Stalker  
  46  4:30  Stalker x2  
  52  4:31  Stalker  
  54  4:40  Observer  
  54  4:43  Probe  
  56  4:51  Pylon  
  56  4:58  Stalker x3  
  62  5:02  Pylon  
  62  5:06  Nexus  
  62  5:12  Charge  
  62  5:24  Stalker  
  62  5:25  Stalker x3  
  62  5:26  Probe x2  
  72  5:29  Pylon  
  72  5:41  Probe  
  72  5:42  Probe  
  74  5:47  Gateway  
  74  5:48  Gateway  
  74  5:54  Probe x2  
  74  5:59  Zealot x3  
  74  6:00  Zealot  
  82  6:06  Probe x2  
  84  6:12  Gateway  
  84  6:19  Probe x2  
  84  6:22  Gateway  
  84  6:24  Gateway  
  84  6:25  Probe  
  87  6:30  Dark Shrine  
  87  6:31  Probe  
  86  6:47  Zealot x5  
  86  6:48  Zealot  
  80  7:02  Probe x3  
  80  7:03  Shield Battery  
  80  7:07  Zealot x3  
  89  7:08  Zealot x3  
  89  7:09  Zealot  
  89  7:14  Probe  
  94  7:28  Zealot x3  
  100  7:32  Pylon  
  100  7:33  Pylon  
  100  7:34  Pylon  
  92  7:40  Zealot x3  
  86  7:44  Zealot x3  
  84  7:52  Zealot x3  
  84  8:03  Forge  
  76  8:15  Dark Templar x3  
  78  8:33  Stalker x3  
  78  8:34  Stalker x3  
  90  8:38  Assimilator  
  90  8:39  Pylon, Assimilator  
  80  8:56  Warp Prism  
  80  8:57  Stalker x3, Zealot x3  
  80  8:58  Zealot x3  
  80  9:00  Probe  
  80  9:01  Probe x2  
  103  9:20  Zealot  
  103  9:21  Zealot x8  
  119  9:38  Shield Battery x2  
  119  9:48  Dark Templar x3  
  119  9:51  Pylon  
  125  9:53  Pylon  
  125  9:54  Pylon  
  125  9:55  Pylon  
Tags
 
Add a new tag
Caveats
  • Supply blocks, unpowered buildings, or Contaminate may cause inaccurate times.
  • Supply counts are checked every 10 seconds.